Maple Leafs vs Blues

Created - April 9, 2019 at 19:02

Goals
1 2 3 T
Maple Leafs 0 1 1 2
Blues 1 0 2 3
Shots
1 2 3 T
Maple Leafs 12 12 7 31
Blues 15 5 13 33

1st period

1. Blues , Jordan Eberle 30 (Nicklas Backstrom 64, Bryce Lampman 14) at 7:40

Penalties :
Fabian Brunnstrom (Tor) for Roughing (Minor) at 9:31

2nd period

2. Maple Leafs , Eric Nystrom 11 (Jeremy Morin 8) at 12:36

Penalties :
Ted Purcell (STL) for Tripping (Minor) at 14:28

3rd period

3. Maple Leafs , Mark Scheifele 23 (Fabian Brunnstrom 26, Kevin Shattenkirk 53) at 11:26
4. Blues , Filip Forsberg 5 (Jordan Eberle 32, Nicklas Backstrom 65) at 11:44
5. Blues , Alex Pietrangelo 18 (Nicklas Backstrom 66) at 15:17 (PP)

Penalties :
Marc-Édouard Vlasic (Tor) for Kneeing (Minor) at 1:18, Ted Purcell (STL) for Hooking (Minor) at 5:49, Yann Sauvé (STL) for Roughing (Minor) at 9:01, Fabian Brunnstrom (Tor) for Holding Stick (Minor) at 13:45, Ben Smith (Tor) for Hooking (Minor) at 16:24

Goalie Stats

Marc-André Fleury (Tor), 30 saves from 33 shots - (0.909), L, 28-23-5, 59:24 minutes
Carey Price (STL), 29 saves from 31 shots - (0.935), W, 26-27-4, 60:00 minutes

Players Stats for Maple Leafs

Player Name              G  A  P  +/- PIM S  H  SB GA TA FO     MP     PP MP  PK MP  
------------------------------------------------------------------------------------
Alex Killorn             0  0  0   0  0   0  0  0  0  0  0/0     0:12   0:00   0:00 
Ben Smith                0  0  0   1  2   1  1  0  1  0  1/1    20:11   2:46   3:40 
Blake Comeau             0  0  0  -2  0   0  0  0  0  0  0/0     5:19   0:00   0:00 
Brayden Schenn           0  0  0   0  0   2  0  1  0  0  14/24  18:32   0:00   1:49 
Braydon Coburn           0  0  0   0  0   5  1  1  0  0  0/0    23:36   2:41   5:10 
Claude Giroux            0  0  0   0  0   2  3  1  0  0  1/3    21:06   3:11   0:00 
Eric Nystrom             1  0  1   1  0   4  3  0  0  0  0/0    12:14   0:00   2:41 
Fabian Brunnstrom        0  1  1   1  4   1  1  2  0  1  2/3    20:48   2:46   0:24 
Jeremy Morin             0  1  1  -1  0   1  2  0  0  1  0/0    16:18   0:00   1:25 
John Klingberg           0  0  0  -1  0   1  1  2  1  0  0/0    26:28   3:16   0:09 
Jordan Staal             0  0  0   0  0   2  1  3  0  0  13/31  22:26   3:11   4:59 
Kevin Shattenkirk        0  1  1  -1  0   3  1  1  0  1  0/0    28:17   3:16   2:41 
Marc-Édouard Vlasic      0  0  0  -1  2   3  2  2  1  1  0/0    18:28   2:41   1:19 
Mark Scheifele           1  0  1   2  0   1  1  0  0  0  3/6    12:24   2:46   0:00 
Nate Thompson            0  0  0  -2  0   0  0  0  0  0  1/4     5:19   0:00   0:00 
Ryan Parent              0  0  0   1  0   0  0  1  0  0  0/0     8:26   0:00   0:51 
Taylor Chorney           0  0  0   2  0   2  0  0  0  0  0/0    14:45   0:00   4:48 
Taylor Hall              0  0  0   0  0   3  0  0  0  0  1/1    17:38   3:11   0:00 

Players Stats for Blues

Player Name              G  A  P  +/- PIM S  H  SB GA TA FO     MP     PP MP  PK MP  
------------------------------------------------------------------------------------
Alex Pietrangelo         1  0  1  -1  0   6  1  2  2  1  0/0    25:44   4:40   3:22 
Brandon Yip              0  0  0   0  0   1  1  0  0  0  0/0     8:45   0:00   0:00 
Bryce Lampman            0  1  1   1  0   3  0  4  0  1  0/0    24:42   2:49   3:22 
Cody Ceci                0  0  0  -1  0   1  0  2  0  0  0/0    11:56   0:00   1:09 
Filip Forsberg           1  0  1   1  0   3  0  2  0  0  0/2    18:25   2:59   0:00 
Jake Gardiner            0  0  0   0  0   0  2  4  0  0  0/0    27:18   4:40   2:26 
Jamie Benn               0  0  0  -1  0   1  0  0  0  0  2/2    14:28   4:30   1:24 
Jeff Skinner             0  0  0   0  0   1  1  0  0  0  0/0     8:31   0:00   0:00 
Jordan Eberle            1  1  2   1  0   3  3  0  1  0  1/2    24:05   4:30   3:11 
Maxim Lapierre           0  0  0   0  0   1  0  0  0  0  3/5     9:53   0:00   1:22 
Nick Leddy               0  0  0   0  0   2  1  1  0  0  0/0    13:29   2:49   0:09 
Nicklas Backstrom        0  3  3   1  0   4  0  0  0  0  20/36  19:48   4:30   0:00 
Patrick Kaleta           0  0  0   0  0   0  1  0  1  0  0/0    10:00   0:00   2:00 
Sam Gagner               0  0  0  -1  0   2  1  0  0  0  3/7    12:27   2:59   0:46 
Sergei Shirokov          0  0  0   0  0   3  1  0  0  0  0/1    15:50   2:59   0:00 
Ted Purcell              0  0  0   0  4   0  1  0  0  0  0/0    14:09   0:00   0:00 
Travis Zajac             0  0  0   0  0   2  1  2  0  1  8/18   17:14   0:00   3:11 
Yann Sauvé               0  0  0   0  2   0  1  2  0  0  0/0    17:16   0:00   1:26 

3 Stars

1 - Jordan Eberle (STL)
2 - Nicklas Backstrom (STL)
3 - Mark Scheifele (Tor)

Power Play

Maple Leafs - 0 on 3 Attempt(s) - 0.00%
Blues - 1 on 4 Attempt(s) - 25.00%

Penalty Kill

Maple Leafs - 3 on 4 Attempt(s) - 75.00% - Score 0 goal in Penalty Kill
Blues - 3 on 3 Attempt(s) - 100.00% - Score 0 goal in Penalty Kill

Team Stat

Maple Leafs - Hits : 17 - Faceoff Wins : 36 - Blocked Shots : 14 - Penalty Minutes : 8
Blues - Hits : 15 - Faceoff Wins : 37 - Blocked Shots : 19 - Penalty Minutes : 6

Official

Referees : Unknown
Linesman : Unknown

Game Notes

Ryan Parent is injured at 1:59 of 3rd period (Sprained Right Knee)

Finance

Level 1 -- Attendance: 6000 (100.00%) -- Ticket Income $534,000
Level 2 -- Attendance: 4137 (82.74%) -- Ticket Income $235,809
Level 3 -- Attendance: 2000 (100.00%) -- Ticket Income $70,000
Level 4 -- Attendance: 3593 (89.83%) -- Ticket Income $86,232
Luxury Box -- Attendance: 718 (71.80%) -- Ticket Income $124,932
Game was played at the Scotttrade center.
Total Attendance: 16448 (91.38%)
Total Ticket Income: $1,050,973
Other Income: $157,646
Total Income: $1,208,619

Maple Leafs

5 vs 5 Forward 
   Center                   Left Wing                Right Wing               Time % Phy DF OF 
 1 Brayden Schenn           Fabian Brunnstrom        Claude Giroux            40     1   2  2  
 2 Jordan Staal             Taylor Hall              Ben Smith                30     1   2  2  
 3 Mark Scheifele           Eric Nystrom             Jeremy Morin             20     1   2  2  
 4 Nate Thompson            Jeremy Morin             Blake Comeau             10     1   2  2  

5 vs 5 Defense 
   Defense                  Defense                                           Time % Phy DF OF 
 1 Kevin Shattenkirk        John Klingberg                                    40     1   2  2  
 2 Braydon Coburn           Marc-Édouard Vlasic                               30     1   2  2  
 3 Taylor Chorney           Ryan Parent                                       20     1   2  2  
 4 Kevin Shattenkirk        John Klingberg                                    10     1   2  2  

PowerPlay Forward 
   Center                   Left Wing                Right Wing               Time % Phy DF OF 
 1 Jordan Staal             Taylor Hall              Claude Giroux            60     1   2  2  
 2 Mark Scheifele           Fabian Brunnstrom        Ben Smith                40     1   2  2  

PowerPlay Defense
   Defense                  Defense                                           Time % Phy DF OF 
 1 Kevin Shattenkirk        John Klingberg                                    60     1   2  2  
 2 Marc-Édouard Vlasic      Braydon Coburn                                    40     1   2  2  

Penalty Kill 4 Players Forward 
   Center                   Wing                     Time % Phy DF OF 
 1 Jordan Staal             Ben Smith                60     1   2  2  
 2 Brayden Schenn           Eric Nystrom             40     1   2  2  

Penalty Kill 4 Players Defense
   Defense                  Defense                  Time % Phy DF OF 
 1 Braydon Coburn           Taylor Chorney           60     1   2  2  
 2 Kevin Shattenkirk        Ryan Parent              40     1   2  2  

Penalty Kill - 3 Players Forward 
   Forward                                           Time % Phy DF OF 
 1 Brayden Schenn                                    60     1   2  2  
 2 Jordan Staal                                      40     1   2  2  

Penalty Kill - 3 Players Defense
   Defense                  Defense                  Time % Phy DF OF 
 1 Braydon Coburn           Taylor Chorney           60     1   2  2  
 2 Kevin Shattenkirk        Ryan Parent              40     1   2  2  

4 vs 4 Forward 
   Center                   Wing                     Time % Phy DF OF 
 1 Jordan Staal             Claude Giroux            60     1   2  2  
 2 Mark Scheifele           Taylor Hall              40     1   2  2  

4 vs 4 Defense
   Defense                  Defense                  Time % Phy DF OF 
 1 Braydon Coburn           Taylor Chorney           60     1   2  2  
 2 Kevin Shattenkirk        Ryan Parent              40     1   2  2  

Last Minutes Offensive
   Center                   Left Wing                Right Wing               Defense                  Defense                  
   Jordan Staal             Taylor Hall              Claude Giroux            Kevin Shattenkirk        John Klingberg           

Last Minutes Defensive
   Center                   Left Wing                Right Wing               Defense                  Defense                  
   Jordan Staal             Taylor Hall              Claude Giroux            Braydon Coburn           Taylor Chorney           

Goaltenders
Starting : Marc-André Fleury        
Backup : Thomas McCollum          

Extra Forwards
Normal : Eric Nystrom, Alex Killorn, Jeremy Morin - PP : Eric Nystrom, Alex Killorn - PK : Jeremy Morin
Extra Defensemen
Normal : John Klingberg, Kevin Shattenkirk, Marc-Édouard Vlasic - PP : John Klingberg - PK : Kevin Shattenkirk, Marc-Édouard Vlasic
Penalty Shots
Claude Giroux, Jordan Staal, Brayden Schenn, Taylor Hall, Fabian Brunnstrom

Scratches
None

Blues

5 vs 5 Forward 
   Center                   Left Wing                Right Wing               Time % Phy DF OF 
 1 Nicklas Backstrom        Filip Forsberg           Jordan Eberle            40     1   2  2  
 2 Travis Zajac             Ted Purcell              Sergei Shirokov          30     1   2  2  
 3 Sam Gagner               Jamie Benn               Patrick Kaleta           20     1   2  2  
 4 Maxim Lapierre           Jeff Skinner             Brandon Yip              10     1   2  2  

5 vs 5 Defense 
   Defense                  Defense                                           Time % Phy DF OF 
 1 Alex Pietrangelo         Jake Gardiner                                     40     1   2  2  
 2 Bryce Lampman            Yann Sauvé                                        30     1   2  2  
 3 Nick Leddy               Cody Ceci                                         20     1   2  2  
 4 Jake Gardiner            Bryce Lampman                                     10     1   2  2  

PowerPlay Forward 
   Center                   Left Wing                Right Wing               Time % Phy DF OF 
 1 Nicklas Backstrom        Jamie Benn               Jordan Eberle            60     1   2  2  
 2 Sam Gagner               Filip Forsberg           Sergei Shirokov          40     1   2  2  

PowerPlay Defense
   Defense                  Defense                                           Time % Phy DF OF 
 1 Alex Pietrangelo         Jake Gardiner                                     60     1   2  2  
 2 Nick Leddy               Bryce Lampman                                     40     1   2  2  

Penalty Kill 4 Players Forward 
   Center                   Wing                     Time % Phy DF OF 
 1 Travis Zajac             Jordan Eberle            60     1   2  2  
 2 Maxim Lapierre           Patrick Kaleta           40     1   2  2  

Penalty Kill 4 Players Defense
   Defense                  Defense                  Time % Phy DF OF 
 1 Alex Pietrangelo         Bryce Lampman            60     1   2  2  
 2 Jake Gardiner            Yann Sauvé               40     1   2  2  

Penalty Kill - 3 Players Forward 
   Forward                                           Time % Phy DF OF 
 1 Maxim Lapierre                                    60     1   2  2  
 2 Travis Zajac                                      40     1   2  2  

Penalty Kill - 3 Players Defense
   Defense                  Defense                  Time % Phy DF OF 
 1 Alex Pietrangelo         Bryce Lampman            60     1   2  2  
 2 Jake Gardiner            Yann Sauvé               40     1   2  2  

4 vs 4 Forward 
   Center                   Wing                     Time % Phy DF OF 
 1 Nicklas Backstrom        Ted Purcell              60     1   2  2  
 2 Travis Zajac             Jordan Eberle            40     1   2  2  

4 vs 4 Defense
   Defense                  Defense                  Time % Phy DF OF 
 1 Alex Pietrangelo         Bryce Lampman            60     1   2  2  
 2 Jake Gardiner            Yann Sauvé               40     1   2  2  

Last Minutes Offensive
   Center                   Left Wing                Right Wing               Defense                  Defense                  
   Nicklas Backstrom        Filip Forsberg           Jordan Eberle            Alex Pietrangelo         Jake Gardiner            

Last Minutes Defensive
   Center                   Left Wing                Right Wing               Defense                  Defense                  
   Travis Zajac             Ted Purcell              Jordan Eberle            Yann Sauvé               Bryce Lampman            

Goaltenders
Starting : Carey Price              
Backup : Ray Emery                

Extra Forwards
Normal : Sam Gagner, Brandon Yip, Patrick Kaleta - PP : Travis Zajac, Brandon Yip - PK : Patrick Kaleta
Extra Defensemen
Normal : Nick Leddy, Cody Ceci, Jake Gardiner - PP : Nick Leddy - PK : Cody Ceci, Jake Gardiner
Penalty Shots
Jeff Skinner, Ted Purcell, Jordan Eberle, Nicklas Backstrom, Jamie Benn

Scratches
David Perron (Severed Right Wrist Tendon Injury), Matthew Spiller (Healthy)

% Time on Ice - Maple Leafs

Lines # - Real PCT - Wanted PCT - Time Play
Normal Forward
1 - 38% - 40% - 17:15
2 - 30% - 30% - 13:46
3 - 20% - 20% - 9:07
4 - 12% - 10% - 5:19
Normal Defense
1 - 41% - 40% - 18:30
2 - 32% - 30% - 14:29
3 - 21% - 20% - 9:24
4 - 7% - 10% - 3:04
PP Forward
1 - 54% - 60% - 3:11
2 - 46% - 40% - 2:46
PP Defense
1 - 55% - 60% - 3:16
2 - 45% - 40% - 2:41
PK Forward
1 - 82% - 60% - 6:07
2 - 18% - 40% - 1:22
PK Defense
1 - 64% - 60% - 4:48
2 - 36% - 40% - 2:41
PK3 Forward
1 - 0% - 60%
2 - 0% - 40%
PK3 Defense
1 - 0% - 60%
2 - 0% - 40%
44 Forward
1 - 0% - 60%
2 - 0% - 40%
44 Defense
1 - 0% - 60%
2 - 0% - 40%
Last Minute Offensive  - 1:07
Last Minute Defensive  - 0:00
Total
Forward - 60:00
Defense - 60:00

% Time on Ice - Blues

Lines # - Real PCT - Wanted PCT - Time Play
Normal Forward
1 - 35% - 40% - 15:52
2 - 29% - 30% - 13:05
3 - 18% - 20% - 8:00
4 - 19% - 10% - 8:31
Normal Defense
1 - 40% - 40% - 18:05
2 - 32% - 30% - 14:23
3 - 22% - 20% - 9:58
4 - 7% - 10% - 3:02
PP Forward
1 - 60% - 60% - 4:30
2 - 40% - 40% - 2:59
PP Defense
1 - 62% - 60% - 4:40
2 - 38% - 40% - 2:49
PK Forward
1 - 77% - 60% - 4:35
2 - 23% - 40% - 1:22
PK Defense
1 - 59% - 60% - 3:31
2 - 41% - 40% - 2:26
PK3 Forward
1 - 0% - 60%
2 - 0% - 40%
PK3 Defense
1 - 0% - 60%
2 - 0% - 40%
44 Forward
1 - 0% - 60%
2 - 0% - 40%
44 Defense
1 - 0% - 60%
2 - 0% - 40%
Last Minute Offensive  - 0:00
Last Minute Defensive  - 1:06
Total
Forward - 60:00
Defense - 60:00

Play-by-Play

1st period


0:01 of 1st period - Nicklas Backstrom wins face-off versus Brayden Schenn in neutral zone.
0:08 of 1st period - Wrist shot by Nicklas Backstrom.
0:08 of 1st period - Shot Blocked by Fabian Brunnstrom.
0:12 of 1st period - Slapshot by Alex Pietrangelo.
0:12 of 1st period - Shot Misses the Net.
0:28 of 1st period - Taylor Hall is hit by Sergei Shirokov and loses puck.
0:49 of 1st period - Wrist shot by John Klingberg.
0:49 of 1st period - Shot Blocked by Bryce Lampman.
0:55 of 1st period - Snap shot by John Klingberg.
0:55 of 1st period - Stopped by Carey Price without a rebound.
0:56 of 1st period - Nate Thompson wins face-off versus Maxim Lapierre in Blues zone.
1:29 of 1st period - Claude Giroux is hit by Jordan Eberle.
2:28 of 1st period - Marc-Édouard Vlasic is hit by Yann Sauvé and loses puck.
2:37 of 1st period - Taylor Chorney is hit by Jordan Eberle and loses puck.
2:56 of 1st period - Snap shot by Brandon Yip.
2:56 of 1st period - Stopped by Marc-André Fleury with a rebound.
2:58 of 1st period - Wrist shot by Jeff Skinner.
2:58 of 1st period - Stopped by Marc-André Fleury without a rebound.
2:59 of 1st period - Travis Zajac wins face-off versus Jordan Staal in Maple Leafs zone.
3:55 of 1st period - Slapshot by Alex Pietrangelo.
3:55 of 1st period - Stopped by Marc-André Fleury without a rebound.
3:56 of 1st period - Mark Scheifele wins face-off versus Maxim Lapierre in Maple Leafs zone.
4:07 of 1st period - Snap shot by Kevin Shattenkirk.
4:07 of 1st period - Stopped by Carey Price with a rebound.
4:09 of 1st period - Snap shot by Mark Scheifele.
4:09 of 1st period - Shot Blocked by Bryce Lampman.
4:11 of 1st period - Slapshot by John Klingberg.
4:11 of 1st period - Shot Blocked by Yann Sauvé.
5:10 of 1st period - Snap shot by Brandon Yip.
5:10 of 1st period - Shot Blocked by Braydon Coburn.
5:12 of 1st period - Slapshot by Cody Ceci.
5:12 of 1st period - Stopped by Marc-André Fleury without a rebound.
5:13 of 1st period - Nicklas Backstrom wins face-off versus Brayden Schenn in Maple Leafs zone.
5:30 of 1st period - Snap shot by Jordan Eberle.
5:30 of 1st period - Shot Misses the Net.
5:39 of 1st period - Icing by Claude Giroux.
5:40 of 1st period - Brayden Schenn wins face-off versus Travis Zajac in Maple Leafs zone.
6:20 of 1st period - Slapshot by Taylor Hall.
6:20 of 1st period - Stopped by Carey Price with a rebound.
7:40 of 1st period - Snap shot by Jordan Eberle.
7:40 of 1st period - Goal by Jordan Eberle - Maple Leafs : 0 - Blues : 1.
7:41 of 1st period - Nicklas Backstrom wins face-off versus Claude Giroux in neutral zone.
7:58 of 1st period - Wrist shot by Brayden Schenn.
7:58 of 1st period - Shot Misses the Net.
8:35 of 1st period - Off-side.
8:36 of 1st period - Claude Giroux wins face-off versus Nicklas Backstrom in neutral zone.
8:55 of 1st period - Icing by Marc-Édouard Vlasic.
8:56 of 1st period - Brayden Schenn wins face-off versus Travis Zajac in Maple Leafs zone.
9:13 of 1st period - Snap shot by Brayden Schenn.
9:13 of 1st period - Shot Blocked by Travis Zajac.
9:15 of 1st period - Slapshot by Braydon Coburn.
9:15 of 1st period - Stopped by Carey Price with a rebound.
9:17 of 1st period - Slapshot by Braydon Coburn.
9:17 of 1st period - Stopped by Carey Price with a rebound.
9:19 of 1st period - Slapshot by Brayden Schenn.
9:19 of 1st period - Shot Misses the Net.
9:29 of 1st period - Slapshot by Travis Zajac.
9:29 of 1st period - Stopped by Marc-André Fleury with a rebound.
9:31 of 1st period - Minor Penalty to Fabian Brunnstrom for Roughing.
9:32 of 1st period - Nicklas Backstrom wins face-off versus Jordan Staal in Maple Leafs zone.
9:37 of 1st period - Slapshot by Nicklas Backstrom.
9:37 of 1st period - Stopped by Marc-André Fleury without a rebound.
9:38 of 1st period - Jordan Staal wins face-off versus Nicklas Backstrom in Maple Leafs zone.
10:03 of 1st period - Icing by Alex Pietrangelo.
10:04 of 1st period - Jordan Staal wins face-off versus Filip Forsberg in Blues zone.
10:27 of 1st period - Slapshot by Alex Pietrangelo.
10:27 of 1st period - Shot Misses the Net.
11:31 of 1st period - Penalty to Fabian Brunnstrom is over, Fabian Brunnstrom is back on ice.
11:38 of 1st period - Wrist shot by Jeff Skinner.
11:38 of 1st period - Shot Misses the Net.
11:56 of 1st period - Slapshot by Eric Nystrom.
11:56 of 1st period - Stopped by Carey Price without a rebound.
11:57 of 1st period - Jordan Staal wins face-off versus Sergei Shirokov in Blues zone.
12:02 of 1st period - Snap shot by Taylor Hall.
12:02 of 1st period - Stopped by Carey Price without a rebound.
12:03 of 1st period - Jordan Staal wins face-off versus Travis Zajac in Blues zone.
12:10 of 1st period - Slapshot by Jordan Staal.
12:10 of 1st period - Stopped by Carey Price with a rebound.
12:32 of 1st period - Snap shot by Brayden Schenn.
12:32 of 1st period - Shot Misses the Net.
12:39 of 1st period - Slapshot by Fabian Brunnstrom.
12:39 of 1st period - Stopped by Carey Price without a rebound.
12:40 of 1st period - Sam Gagner wins face-off versus Mark Scheifele in Blues zone.
12:45 of 1st period - Taylor Chorney is hit by Sam Gagner and loses puck.
13:06 of 1st period - Jordan Eberle is hit by Jordan Staal and loses puck.
13:35 of 1st period - Wrist shot by Sergei Shirokov.
13:35 of 1st period - Deflect By Travis Zajac.
13:35 of 1st period - Stopped by Marc-André Fleury with a rebound.
13:53 of 1st period - Wrist shot by Nate Thompson.
13:53 of 1st period - Shot Misses the Net.
13:55 of 1st period - Snap shot by Taylor Chorney.
13:55 of 1st period - Shot Misses the Net.
14:11 of 1st period - Snap shot by Sam Gagner.
14:11 of 1st period - Stopped by Marc-André Fleury with a rebound.
14:13 of 1st period - Snap shot by Patrick Kaleta.
14:13 of 1st period - Shot Blocked by Jordan Staal.
14:15 of 1st period - Wrist shot by Jamie Benn.
14:15 of 1st period - Stopped by Marc-André Fleury without a rebound.
14:16 of 1st period - Brayden Schenn wins face-off versus Nicklas Backstrom in Maple Leafs zone.
14:29 of 1st period - Snap shot by Fabian Brunnstrom.
14:29 of 1st period - Shot Blocked by Jake Gardiner.
14:31 of 1st period - Slapshot by Fabian Brunnstrom.
14:31 of 1st period - Shot Misses the Net.
14:33 of 1st period - Slapshot by Kevin Shattenkirk.
14:33 of 1st period - Stopped by Carey Price with a rebound.
14:43 of 1st period - Jeremy Morin is hit by Jake Gardiner and loses puck.
14:50 of 1st period - Jamie Benn is hit by Eric Nystrom and loses puck.
15:21 of 1st period - Slapshot by Alex Pietrangelo.
15:21 of 1st period - Deflect By Taylor Hall.
15:21 of 1st period - Stopped by Marc-André Fleury without a rebound.
15:22 of 1st period - Brayden Schenn wins face-off versus Nicklas Backstrom in Maple Leafs zone.
15:33 of 1st period - Wrist shot by Claude Giroux.
15:33 of 1st period - Deflect By Fabian Brunnstrom.
15:33 of 1st period - Shot Blocked by Filip Forsberg.
15:33 of 1st period - Puck is out of play.
15:34 of 1st period - Nicklas Backstrom wins face-off versus Jordan Staal in Blues zone.
15:38 of 1st period - Off-side.
15:39 of 1st period - Jordan Staal wins face-off versus Nicklas Backstrom in neutral zone.
15:42 of 1st period - Slapshot by John Klingberg.
15:42 of 1st period - Shot Blocked by Nick Leddy.
15:44 of 1st period - Snap shot by Ben Smith.
15:44 of 1st period - Stopped by Carey Price with a rebound.
16:32 of 1st period - Slapshot by Sam Gagner.
16:32 of 1st period - Stopped by Marc-André Fleury with a rebound.
16:34 of 1st period - Wrist shot by Nick Leddy.
16:34 of 1st period - Stopped by Marc-André Fleury with a rebound.
16:51 of 1st period - Wrist shot by Alex Pietrangelo.
16:51 of 1st period - Deflect By Brandon Yip.
16:51 of 1st period - Shot Misses the Net.
16:51 of 1st period - Puck is out of play.
16:52 of 1st period - Nicklas Backstrom wins face-off versus Brayden Schenn in Maple Leafs zone.
16:53 of 1st period - Snap shot by Jordan Eberle.
16:53 of 1st period - Deflect By Filip Forsberg.
16:53 of 1st period - Stopped by Marc-André Fleury without a rebound.
16:54 of 1st period - Brayden Schenn wins face-off versus Nicklas Backstrom in Maple Leafs zone.
17:05 of 1st period - Wrist shot by Claude Giroux.
17:05 of 1st period - Stopped by Carey Price without a rebound.
17:06 of 1st period - Ben Smith wins face-off versus Nicklas Backstrom in Blues zone.
17:21 of 1st period - Snap shot by Taylor Hall.
17:21 of 1st period - Shot Blocked by Jake Gardiner.
17:39 of 1st period - Wrist shot by Sergei Shirokov.
17:39 of 1st period - Shot Misses the Net.
17:41 of 1st period - Wrist shot by Ted Purcell.
17:41 of 1st period - Shot Misses the Net.
17:43 of 1st period - Snap shot by Sergei Shirokov.
17:43 of 1st period - Shot Misses the Net.
18:18 of 1st period - Snap shot by Taylor Hall.
18:18 of 1st period - Deflect By Jordan Staal.
18:18 of 1st period - Shot Blocked by Cody Ceci.
18:18 of 1st period - Puck is out of play.
18:19 of 1st period - Maxim Lapierre wins face-off versus Jordan Staal in Blues zone.
18:34 of 1st period - Slapshot by Jake Gardiner.
18:34 of 1st period - Shot Misses the Net.
19:01 of 1st period - Off-side.
19:02 of 1st period - Brayden Schenn wins face-off versus Nicklas Backstrom in neutral zone.
19:12 of 1st period - Bryce Lampman is hit by Claude Giroux and loses puck.
19:19 of 1st period - Snap shot by Claude Giroux.
19:19 of 1st period - Shot Misses the Net.
19:40 of 1st period - Wrist shot by Eric Nystrom.
19:40 of 1st period - Shot Misses the Net.
19:50 of 1st period - Snap shot by Travis Zajac.
19:50 of 1st period - Shot Misses the Net.
19:52 of 1st period - Slapshot by Bryce Lampman.
19:52 of 1st period - Shot Misses the Net.
19:54 of 1st period - Wrist shot by Sam Gagner.
19:54 of 1st period - Shot Blocked by John Klingberg.
19:56 of 1st period - Snap shot by Bryce Lampman.
19:56 of 1st period - Stopped by Marc-André Fleury without a rebound.
19:57 of 1st period - Brayden Schenn wins face-off versus Sam Gagner in Maple Leafs zone.
Goals for this period are 0 for Maple Leafs vs 1 for Blues.
Shots for this period are 12 for Maple Leafs vs 15 for Blues.

2nd period


0:01 of 2nd period - Brayden Schenn wins face-off versus Nicklas Backstrom in neutral zone.
0:10 of 2nd period - Snap shot by Nicklas Backstrom.
0:10 of 2nd period - Stopped by Marc-André Fleury without a rebound.
0:11 of 2nd period - Nicklas Backstrom wins face-off versus Brayden Schenn in Maple Leafs zone.
0:38 of 2nd period - Jeremy Morin is hit by Travis Zajac and loses puck.
1:07 of 2nd period - Wrist shot by Taylor Hall.
1:07 of 2nd period - Shot Blocked by Jake Gardiner.
1:09 of 2nd period - Wrist shot by Taylor Chorney.
1:09 of 2nd period - Stopped by Carey Price without a rebound.
1:10 of 2nd period - Brayden Schenn wins face-off versus Jordan Eberle in Blues zone.
1:11 of 2nd period - Snap shot by Claude Giroux.
1:11 of 2nd period - Stopped by Carey Price without a rebound.
1:12 of 2nd period - Brayden Schenn wins face-off versus Nicklas Backstrom in Blues zone.
1:19 of 2nd period - Snap shot by Claude Giroux.
1:19 of 2nd period - Deflect By Brayden Schenn.
1:19 of 2nd period - Shot Misses the Net.
1:19 of 2nd period - Puck is out of play.
1:20 of 2nd period - Fabian Brunnstrom wins face-off versus Nicklas Backstrom in Blues zone.
1:27 of 2nd period - Slapshot by Nicklas Backstrom.
1:27 of 2nd period - Shot Blocked by Fabian Brunnstrom.
2:21 of 2nd period - Wrist shot by Claude Giroux.
2:21 of 2nd period - Deflect By Brayden Schenn.
2:21 of 2nd period - Stopped by Carey Price without a rebound.
2:22 of 2nd period - Travis Zajac wins face-off versus Jordan Staal in Blues zone.
2:33 of 2nd period - Snap shot by Sergei Shirokov.
2:33 of 2nd period - Shot Misses the Net.
2:35 of 2nd period - Wrist shot by Jake Gardiner.
2:35 of 2nd period - Deflect By Sergei Shirokov.
2:35 of 2nd period - Deflect By Jordan Staal.
2:35 of 2nd period - Shot Misses the Net.
2:35 of 2nd period - Puck is out of play.
2:36 of 2nd period - Mark Scheifele wins face-off versus Travis Zajac in Maple Leafs zone.
3:03 of 2nd period - Jeremy Morin is hit by Jeff Skinner.
3:09 of 2nd period - Jake Gardiner is hit by Jeremy Morin and loses puck.
3:18 of 2nd period - Snap shot by Eric Nystrom.
3:18 of 2nd period - Stopped by Carey Price without a rebound.
3:19 of 2nd period - Jordan Staal wins face-off versus Filip Forsberg in Blues zone.
3:45 of 2nd period - Icing by Taylor Hall.
3:46 of 2nd period - Travis Zajac wins face-off versus Jordan Staal in Maple Leafs zone.
3:49 of 2nd period - Wrist shot by Ted Purcell.
3:49 of 2nd period - Shot Misses the Net.
3:51 of 2nd period - Slapshot by Ted Purcell.
3:51 of 2nd period - Deflect By Sergei Shirokov.
3:51 of 2nd period - Stopped by Marc-André Fleury without a rebound.
3:52 of 2nd period - Travis Zajac wins face-off versus Brayden Schenn in Maple Leafs zone.
3:57 of 2nd period - Slapshot by Ted Purcell.
3:57 of 2nd period - Shot Blocked by John Klingberg.
4:26 of 2nd period - Wrist shot by Nate Thompson.
4:26 of 2nd period - Shot Misses the Net.
4:45 of 2nd period - Off-side.
4:46 of 2nd period - Jamie Benn wins face-off versus Jordan Staal in neutral zone.
4:51 of 2nd period - Wrist shot by Alex Pietrangelo.
4:51 of 2nd period - Deflect By Taylor Hall.
4:51 of 2nd period - Stopped by Marc-André Fleury without a rebound.
4:52 of 2nd period - Jordan Staal wins face-off versus Nicklas Backstrom in Maple Leafs zone.
5:05 of 2nd period - Slapshot by Nicklas Backstrom.
5:05 of 2nd period - Shot Blocked by Jordan Staal.
5:07 of 2nd period - Snap shot by Jordan Eberle.
5:07 of 2nd period - Stopped by Marc-André Fleury with a rebound.
5:29 of 2nd period - Sam Gagner is hit by Marc-Édouard Vlasic.
6:06 of 2nd period - Off-side.
6:07 of 2nd period - Nicklas Backstrom wins face-off versus Brayden Schenn in neutral zone.
6:12 of 2nd period - Snap shot by Jordan Eberle.
6:12 of 2nd period - Shot Blocked by Brayden Schenn.
6:20 of 2nd period - Slapshot by Claude Giroux.
6:20 of 2nd period - Shot Blocked by Cody Ceci.
6:22 of 2nd period - Slapshot by John Klingberg.
6:22 of 2nd period - Shot Blocked by Filip Forsberg.
6:24 of 2nd period - Wrist shot by Brayden Schenn.
6:24 of 2nd period - Deflect By Jordan Eberle.
6:24 of 2nd period - Shot Misses the Net.
6:24 of 2nd period - Puck is out of play.
6:25 of 2nd period - Jamie Benn wins face-off versus Jordan Staal in Blues zone.
7:21 of 2nd period - Wrist shot by Eric Nystrom.
7:21 of 2nd period - Stopped by Carey Price with a rebound.
7:23 of 2nd period - Snap shot by Marc-Édouard Vlasic.
7:23 of 2nd period - Deflect By Jake Gardiner.
7:23 of 2nd period - Stopped by Carey Price with a rebound.
7:35 of 2nd period - Braydon Coburn is hit by Jake Gardiner and loses puck.
7:56 of 2nd period - Wrist shot by Patrick Kaleta.
7:56 of 2nd period - Shot Misses the Net.
8:22 of 2nd period - Wrist shot by Kevin Shattenkirk.
8:22 of 2nd period - Stopped by Carey Price with a rebound.
8:39 of 2nd period - Cody Ceci is hit by Eric Nystrom and loses puck.
9:07 of 2nd period - Icing by Brayden Schenn.
9:08 of 2nd period - Sam Gagner wins face-off versus Brayden Schenn in Maple Leafs zone.
9:20 of 2nd period - Off-side.
9:21 of 2nd period - Nicklas Backstrom wins face-off versus Brayden Schenn in neutral zone.
9:39 of 2nd period - Icing by Kevin Shattenkirk.
9:40 of 2nd period - Travis Zajac wins face-off versus Claude Giroux in Maple Leafs zone.
12:12 of 2nd period - Marc-Édouard Vlasic is hit by Patrick Kaleta and loses puck.
12:29 of 2nd period - Eric Nystrom is hit by Jordan Eberle and loses puck.
12:36 of 2nd period - Snap shot by Eric Nystrom.
12:36 of 2nd period - Goal by Eric Nystrom - Maple Leafs : 1 - Blues : 1.
12:37 of 2nd period - Nicklas Backstrom wins face-off versus Brayden Schenn in neutral zone.
13:24 of 2nd period - Wrist shot by Sam Gagner.
13:24 of 2nd period - Shot Blocked by Kevin Shattenkirk.
13:46 of 2nd period - Snap shot by Alex Pietrangelo.
13:46 of 2nd period - Shot Blocked by Claude Giroux.
13:58 of 2nd period - Maxim Lapierre is hit by Claude Giroux and loses puck.
14:19 of 2nd period - Wrist shot by Taylor Hall.
14:19 of 2nd period - Shot Blocked by Bryce Lampman.
14:21 of 2nd period - Slapshot by Braydon Coburn.
14:21 of 2nd period - Stopped by Carey Price with a rebound.
14:23 of 2nd period - Snap shot by Ben Smith.
14:23 of 2nd period - Shot Misses the Net.
14:25 of 2nd period - Snap shot by Jordan Staal.
14:25 of 2nd period - Stopped by Carey Price without a rebound.
14:26 of 2nd period - Travis Zajac wins face-off versus Mark Scheifele in Blues zone.
14:28 of 2nd period - Minor Penalty to Ted Purcell for Tripping.
14:29 of 2nd period - Jordan Staal wins face-off versus Travis Zajac in Blues zone.
14:35 of 2nd period - Snap shot by Taylor Hall.
14:35 of 2nd period - Shot Misses the Net.
16:04 of 2nd period - Alex Pietrangelo is hit by Kevin Shattenkirk and loses puck.
16:28 of 2nd period - Penalty to Ted Purcell is over, Ted Purcell is back on ice.
16:38 of 2nd period - Icing by Nick Leddy.
16:39 of 2nd period - Maxim Lapierre wins face-off versus Nate Thompson in Blues zone.
16:46 of 2nd period - Snap shot by Jeremy Morin.
16:46 of 2nd period - Stopped by Carey Price with a rebound.
16:48 of 2nd period - Slapshot by Taylor Chorney.
16:48 of 2nd period - Deflect By Cody Ceci.
16:48 of 2nd period - Stopped by Carey Price with a rebound.
16:50 of 2nd period - Wrist shot by Nate Thompson.
16:50 of 2nd period - Shot Misses the Net.
17:25 of 2nd period - Wrist shot by Brandon Yip.
17:25 of 2nd period - Shot Hit the Post.
17:27 of 2nd period - Snap shot by Bryce Lampman.
17:27 of 2nd period - Stopped by Marc-André Fleury without a rebound.
17:28 of 2nd period - Nicklas Backstrom wins face-off versus Jordan Staal in Maple Leafs zone.
17:41 of 2nd period - Slapshot by Kevin Shattenkirk.
17:41 of 2nd period - Shot Misses the Net.
17:43 of 2nd period - Slapshot by Taylor Hall.
17:43 of 2nd period - Shot Misses the Net.
17:45 of 2nd period - Slapshot by Kevin Shattenkirk.
17:45 of 2nd period - Shot Blocked by Yann Sauvé.
18:01 of 2nd period - Snap shot by Travis Zajac.
18:01 of 2nd period - Shot Misses the Net.
19:07 of 2nd period - Snap shot by Brandon Yip.
19:07 of 2nd period - Deflect By Braydon Coburn.
19:07 of 2nd period - Shot Blocked by Marc-Édouard Vlasic.
19:07 of 2nd period - Puck is out of play.
19:08 of 2nd period - Maxim Lapierre wins face-off versus Mark Scheifele in Maple Leafs zone.
19:15 of 2nd period - Snap shot by Maxim Lapierre.
19:15 of 2nd period - Shot Misses the Net.
19:38 of 2nd period - Nicklas Backstrom is hit by Marc-Édouard Vlasic and loses puck.
19:51 of 2nd period - Wrist shot by Travis Zajac.
19:51 of 2nd period - Shot Misses the Net.
Goals for this period are 1 for Maple Leafs vs 0 for Blues.
Shots for this period are 12 for Maple Leafs vs 5 for Blues.

3rd period


0:01 of 3rd period - Nicklas Backstrom wins face-off versus Brayden Schenn in neutral zone.
1:02 of 3rd period - Slapshot by Alex Pietrangelo.
1:02 of 3rd period - Stopped by Marc-André Fleury without a rebound.
1:03 of 3rd period - Nicklas Backstrom wins face-off versus Fabian Brunnstrom in Maple Leafs zone.
1:16 of 3rd period - Snap shot by Nicklas Backstrom.
1:16 of 3rd period - Stopped by Marc-André Fleury with a rebound.
1:18 of 3rd period - Minor Penalty to Marc-Édouard Vlasic for Kneeing.
1:19 of 3rd period - Jordan Eberle wins face-off versus Jordan Staal in Maple Leafs zone.
1:26 of 3rd period - Wrist shot by Alex Pietrangelo.
1:26 of 3rd period - Stopped by Marc-André Fleury with a rebound.
1:51 of 3rd period - Slapshot by Nick Leddy.
1:51 of 3rd period - Shot Blocked by Jordan Staal.
1:53 of 3rd period - Wrist shot by Filip Forsberg.
1:53 of 3rd period - Stopped by Marc-André Fleury with a rebound.
1:55 of 3rd period - Wrist shot by Sergei Shirokov.
1:55 of 3rd period - Stopped by Marc-André Fleury without a rebound.
1:56 of 3rd period - Sam Gagner wins face-off versus Jordan Staal in Maple Leafs zone.
1:59 of 3rd period - Snap shot by Sam Gagner.
1:59 of 3rd period - Shot Blocked by Ryan Parent.
1:59 of 3rd period - Ryan Parent from Maple Leafs is injured at 1:59 of 3rd period (Sprained Right Knee).
2:00 of 3rd period - Nicklas Backstrom wins face-off versus Jordan Staal in Maple Leafs zone.
3:01 of 3rd period - Nicklas Backstrom is hit by Braydon Coburn and loses puck.
3:18 of 3rd period - Penalty to Marc-Édouard Vlasic is over, Marc-Édouard Vlasic is back on ice.
3:24 of 3rd period - Nate Thompson is hit by Brandon Yip and loses puck.
3:31 of 3rd period - Snap shot by Maxim Lapierre.
3:31 of 3rd period - Stopped by Marc-André Fleury without a rebound.
3:32 of 3rd period - Brayden Schenn wins face-off versus Travis Zajac in Maple Leafs zone.
3:57 of 3rd period - Yann Sauvé is hit by Mark Scheifele and loses puck.
4:45 of 3rd period - Blake Comeau is hit by Nick Leddy and loses puck.
5:04 of 3rd period - Snap shot by Fabian Brunnstrom.
5:04 of 3rd period - Shot Misses the Net.
5:06 of 3rd period - Slapshot by Marc-Édouard Vlasic.
5:06 of 3rd period - Stopped by Carey Price with a rebound.
5:08 of 3rd period - Snap shot by Brayden Schenn.
5:08 of 3rd period - Stopped by Carey Price with a rebound.
5:10 of 3rd period - Wrist shot by Braydon Coburn.
5:10 of 3rd period - Stopped by Carey Price without a rebound.
5:11 of 3rd period - Nicklas Backstrom wins face-off versus Jordan Staal in Blues zone.
5:37 of 3rd period - Yann Sauvé is hit by Claude Giroux and loses puck.
5:49 of 3rd period - Minor Penalty to Ted Purcell for Hooking.
5:50 of 3rd period - Jordan Staal wins face-off versus Travis Zajac in Blues zone.
6:16 of 3rd period - Wrist shot by Ben Smith.
6:16 of 3rd period - Shot Blocked by Travis Zajac.
6:18 of 3rd period - Snap shot by Ben Smith.
6:18 of 3rd period - Shot Blocked by Alex Pietrangelo.
6:20 of 3rd period - Slapshot by Braydon Coburn.
6:20 of 3rd period - Stopped by Carey Price with a rebound.
6:22 of 3rd period - Slapshot by Marc-Édouard Vlasic.
6:22 of 3rd period - Stopped by Carey Price with a rebound.
6:24 of 3rd period - Slapshot by Braydon Coburn.
6:24 of 3rd period - Shot Blocked by Bryce Lampman.
6:38 of 3rd period - Slapshot by Bryce Lampman.
6:38 of 3rd period - Stopped by Marc-André Fleury with a rebound.
7:35 of 3rd period - Mark Scheifele is hit by Alex Pietrangelo and loses puck.
7:49 of 3rd period - Penalty to Ted Purcell is over, Ted Purcell is back on ice.
8:06 of 3rd period - Slapshot by Nick Leddy.
8:06 of 3rd period - Shot Misses the Net.
8:17 of 3rd period - Jeff Skinner is hit by Jeremy Morin and loses puck.
8:22 of 3rd period - Slapshot by Nate Thompson.
8:22 of 3rd period - Shot Misses the Net.
8:24 of 3rd period - Slapshot by Braydon Coburn.
8:24 of 3rd period - Shot Blocked by Jake Gardiner.
8:28 of 3rd period - Wrist shot by Nate Thompson.
8:28 of 3rd period - Deflect By Jeremy Morin.
8:28 of 3rd period - Shot Misses the Net.
8:28 of 3rd period - Puck is out of play.
8:29 of 3rd period - Brayden Schenn wins face-off versus Sam Gagner in Blues zone.
8:44 of 3rd period - Snap shot by Jamie Benn.
8:44 of 3rd period - Shot Misses the Net.
9:01 of 3rd period - Minor Penalty to Yann Sauvé for Roughing.
9:02 of 3rd period - Jordan Staal wins face-off versus Travis Zajac in Blues zone.
11:01 of 3rd period - Penalty to Yann Sauvé is over, Yann Sauvé is back on ice.
11:17 of 3rd period - Cody Ceci is hit by Ben Smith and loses puck.
11:26 of 3rd period - Snap shot by Fabian Brunnstrom.
11:26 of 3rd period - Deflect By Mark Scheifele.
11:26 of 3rd period - Goal by Mark Scheifele - Maple Leafs : 2 - Blues : 1.
11:27 of 3rd period - Nicklas Backstrom wins face-off versus Nate Thompson in neutral zone.
11:30 of 3rd period - Snap shot by Jordan Eberle.
11:30 of 3rd period - Stopped by Marc-André Fleury without a rebound.
11:31 of 3rd period - Nicklas Backstrom wins face-off versus Nate Thompson in Maple Leafs zone.
11:42 of 3rd period - Snap shot by Jordan Eberle.
11:42 of 3rd period - Shot Blocked by Marc-Édouard Vlasic.
11:44 of 3rd period - Snap shot by Filip Forsberg.
11:44 of 3rd period - Goal by Filip Forsberg - Maple Leafs : 2 - Blues : 2.
11:45 of 3rd period - Brayden Schenn wins face-off versus Nicklas Backstrom in neutral zone.
11:48 of 3rd period - Slapshot by Kevin Shattenkirk.
11:48 of 3rd period - Shot Blocked by Alex Pietrangelo.
12:12 of 3rd period - Jake Gardiner is hit by John Klingberg and loses puck.
12:19 of 3rd period - Snap shot by Sergei Shirokov.
12:19 of 3rd period - Stopped by Marc-André Fleury without a rebound.
12:20 of 3rd period - Jordan Staal wins face-off versus Travis Zajac in Maple Leafs zone.
12:20 of 3rd period - Jordan Staal is hit by Ted Purcell.
13:11 of 3rd period - Snap shot by Maxim Lapierre.
13:11 of 3rd period - Shot Misses the Net.
13:13 of 3rd period - Snap shot by Brandon Yip.
13:13 of 3rd period - Shot Hit the Post.
13:15 of 3rd period - Slapshot by Nick Leddy.
13:15 of 3rd period - Stopped by Marc-André Fleury without a rebound.
13:16 of 3rd period - Taylor Hall wins face-off versus Nicklas Backstrom in Maple Leafs zone.
13:42 of 3rd period - Icing by Sergei Shirokov.
13:43 of 3rd period - Fabian Brunnstrom wins face-off versus Travis Zajac in Blues zone.
13:45 of 3rd period - Minor Penalty to Fabian Brunnstrom for Holding Stick.
13:46 of 3rd period - Nicklas Backstrom wins face-off versus Jordan Staal in Maple Leafs zone.
13:48 of 3rd period - Wrist shot by Nicklas Backstrom.
13:48 of 3rd period - Shot Misses the Net.
13:50 of 3rd period - Snap shot by Jordan Eberle.
13:50 of 3rd period - Shot Misses the Net.
13:56 of 3rd period - Snap shot by Nicklas Backstrom.
13:56 of 3rd period - Shot Misses the Net.
14:00 of 3rd period - Snap shot by Nicklas Backstrom.
14:00 of 3rd period - Stopped by Marc-André Fleury with a rebound.
14:33 of 3rd period - Icing by Nick Leddy.
14:34 of 3rd period - Jordan Staal wins face-off versus Nicklas Backstrom in Blues zone.
14:56 of 3rd period - Off-side.
14:57 of 3rd period - Brayden Schenn wins face-off versus Sam Gagner in neutral zone.
15:05 of 3rd period - Off-side.
15:06 of 3rd period - Nicklas Backstrom wins face-off versus Jordan Staal in neutral zone.
15:17 of 3rd period - Slapshot by Alex Pietrangelo.
15:17 of 3rd period - Goal by Alex Pietrangelo - Maple Leafs : 2 - Blues : 3.
15:18 of 3rd period - Mark Scheifele wins face-off versus Sam Gagner in neutral zone.
16:24 of 3rd period - Minor Penalty to Ben Smith for Hooking.
16:25 of 3rd period - Nicklas Backstrom wins face-off versus Jordan Staal in Maple Leafs zone.
17:01 of 3rd period - Snap shot by Sam Gagner.
17:01 of 3rd period - Deflect By Filip Forsberg.
17:01 of 3rd period - Shot Misses the Net.
17:01 of 3rd period - Puck is out of play.
17:02 of 3rd period - Jordan Staal wins face-off versus Nicklas Backstrom in Maple Leafs zone.
17:39 of 3rd period - Nicklas Backstrom is hit by Eric Nystrom and loses puck.
18:24 of 3rd period - Penalty to Ben Smith is over, Ben Smith is back on ice.
18:46 of 3rd period - Nick Leddy is hit by Fabian Brunnstrom and loses puck.
19:24 of 3rd period - Maple Leafs, Marc-André Fleury is pulled from the net.
19:26 of 3rd period - Slapshot by Taylor Hall.
19:26 of 3rd period - Stopped by Carey Price without a rebound.
19:27 of 3rd period - Pat Burns call a timeout for Maple Leafs.
19:27 of 3rd period - Travis Zajac wins face-off versus Jordan Staal in Blues zone.
19:31 of 3rd period - Off-side.
19:32 of 3rd period - Travis Zajac wins face-off versus Jordan Staal in neutral zone.
Goals for this period are 1 for Maple Leafs vs 2 for Blues.
Shots for this period are 7 for Maple Leafs vs 13 for Blues.